 Dungeon Crawl Stone Soup version 0.24.0-13-gcf9b3192b9 (webtiles) character file.

Game seed: 9362480283880292786, levelgen mode: deterministic

1852 Katsumi the Transmogrifier (level 8, -4/42 HPs)
             Began as a Felid Transmuter on Nov 9, 2019.
             Was a Believer of Ru.
             Slain by an iguana (13 damage)
             ... on level 8 of the Dungeon.
             The game lasted 00:19:33 (14256 turns).

Katsumi the Transmogrifier (Felid Transmuter)      Turns: 14256, Time: 00:19:33

Health: -4/42      AC:  2    Str:  6    XL:     8   Next: 88%
Magic:  15/15      EV: 18    Int: 19    God:    Ru [**....]
Gold:   467        SH:  0    Dex: 19    Spells: 3/15 levels left
                                        Lives:  0   Deaths: 2

rFire    x . .     SeeInvis +     - Unarmed
rCold    x . .     Gourm    .   (shield unavailable)
rNeg     . . .     Faith    +   (armour unavailable)
rPois    .         Spirit   .   (helmet unavailable)
rElec    .         Reflect  .   (cloak unavailable)
rCorr    .         Harm     .   (gloves unavailable)
MR       +....                  (boots unavailable)
Stlth    ++........             v - amulet of faith
HPRegen  0.14/turn              s - +3 ring of dexterity
MPRegen  0.14/turn              (no ring)

@: quick
A: very small, no armour, no weapons or thrown items, stealth, claws 1, fangs 3,
see invisible, carnivore, speed 1, shaggy fur 2, slow metabolism 1, sharp paws,
temperature sensitive
a: Renounce Religion


You were on level 8 of the Dungeon.
You worshipped Ru.
Ru was pleased with you.
You were not hungry.

You visited 2 branches of the dungeon, and saw 9 of its levels.

You collected 467 gold pieces.

Inventory:

Missiles
 a - 127 arrows
Jewellery
 o - an uncursed ring of resist corrosion
 s - a +3 ring of dexterity (left paw)
 v - an amulet of faith (around neck)
Wands
 x - a wand of flame (9)
Scrolls
 e - 8 scrolls of teleportation
 g - 3 scrolls of enchant weapon
 h - a scroll of magic mapping {unknown}
 j - 2 scrolls of fear
 m - 2 scrolls of amnesia
 n - a scroll of noise {unknown}
 r - 2 scrolls of immolation
 u - a scroll of summoning {unknown}
 A - a scroll of fog {unknown}
Potions
 b - a potion of heal wounds {unknown}
 d - a potion of ambrosia
 f - 3 potions of lignification
 i - a potion of brilliance
 k - a potion of invisibility
 l - a potion of magic
 p - 3 potions of cancellation
 q - a potion of mutation
 t - a potion of curing
 w - a potion of haste {unknown}
Comestibles
 c - 21 rations


   Skills:
 + Level 9.6 Fighting
 - Level 2.6 Dodging
 - Level 3.0 Unarmed Combat
 - Level 4.4 Spellcasting
 - Level 4.9 Summonings
 - Level 10.2 Transmutations
 - Level 4.5 Air Magic


You had 3 spell levels left.
You knew the following spells:

 Your Spells              Type           Power        Failure   Level  Hunger
a - Beastly Appendage     Tmut           #####.       1%          1    None
b - Sticks to Snakes      Tmut           #####...     1%          2    #......
c - Blade Hands           Tmut           #####.....   5%          5    ######.
d - Summon Lightning Spi  Summ/Air       ###.....     19%         4    ####...

Your spell library contained the following spells:

 Spells                   Type           Power        Failure   Level  Hunger
 Summon Small Mammal      Summ           ###.         1%          1    None
 Call Imp                 Summ           ###.....     2%          2    #......
 Call Canine Familiar     Summ           ###.....     4%          3    ###....
 Spider Form              Tmut/Pois      ###.......   4%          3    ###....
 Magic Dart               Conj           #...         13%         1    None
 Summon Guardian Golem    Hex/Summ       ##......     14%         3    ###....
 Blink                    Tloc           N/A          21%         2    #......
 Slow                     Hex            #.......     21%         2    #......
 Mephitic Cloud           Conj/Pois/Air  #.......     22%         3    ###....
 Conjure Flame            Conj/Fire      #.......     36%         3    ###....
 Ice Form                 Ice/Tmut       ###.....     16%         4    ####...
 Summon Ice Beast         Ice/Summ       ##......     43%         4    ####...


Dungeon Overview and Level Annotations

Branches:
Dungeon (8/15)             Temple (1/1) D:5            Lair (0/6) D:8

Altars:
Ashenzari
Cheibriados
Dithmenos
Fedhas
Gozag
Kikubaaqudgha
Nemelex Xobeh
Okawaru
Qazlal
Ru
Sif Muna
Trog
Uskayaw
Vehumet
Wu Jian
Yredelemnul
Zin


Innate Abilities, Weirdness & Mutations

You cannot wear armour.
You are incapable of wielding weapons or throwing items.
Your paws allow you to move quietly. (Stealth)
You have sharp claws.
You have razor-sharp teeth.
You have supernaturally acute eyesight. (SInv)
You are carnivorous and can eat meat at any time.
You cover ground quickly.
You are covered in thick fur. (AC +2)
You have a slow metabolism.
Your sharp claws are effective at attacking unaware monsters.
You are sensitive to extremes of temperature. (rF-, rC-)


Message History

The iguana misses you. The iguana closely misses you.
The iguana completely misses you. The iguana misses you. The iguana misses you.
The iguana bites you! The iguana barely misses you. The iguana bites you!
* * * LOW HITPOINT WARNING * * *
You focus your will and blind the iguana in retribution!
The iguana closely misses you. The iguana misses you. The iguana bites you.
* * * LOW HITPOINT WARNING * * *
The iguana bites you.
* * * LOW HITPOINT WARNING * * *
The iguana is no longer blind.
The iguana barely misses you. The iguana barely misses you.
The iguana bites you!
You die...

.# #....# #....[......# .#
########## #...........#
#####≈≈≈≈§§≈≈#
#...........#
#.#≈...§§.§###.^.........#
#.#§§.≈≈§.≈##........#####
#.'.§≈..§..'.........#
#.'..≈..≈.§'.........#
#.#≈..≈≈..≈#.........#
#.#≈......§#..@#######
#.#≈≈§≈§≈§≈###l#
#.########## #s#
####.......###'###
#.......##....#
#.......##....#
#.....#.##...[#
#.)...#..#...?#
########.#....#


You could see a scorpion and an iguana.

Vanquished Creatures
  Gastronok (D:8)
  A hippogriff (D:7)
  6 yaks (D:8)
  A spriggan (D:7)
  A hungry ghost (D:8)
  Edmund (D:6)
  2 phantoms
  2 sky beasts (D:7)
  An ice beast (D:6)
  A necrophage (D:7)
  A black bear (D:6)
  An ogre (D:4)
  An orc warrior (D:6)
  2 centaurs
  A big kobold (D:8)
  Blork the orc (D:4)
  2 bullfrogs
  A wyvern zombie (D:6)
  3 scorpions
  2 crimson imps
  6 hounds
  2 orc priests
  An orc wizard (D:7)
  Natasha (D:4)
  A centaur skeleton (D:4)
  A bullfrog skeleton (D:5)
  5 iguanas
  4 worker ants
  A killer bee zombie (D:6)
  A hound zombie (D:8)
  A hound skeleton (D:8)
  6 adders
  12 gnolls
  A howler monkey skeleton (D:4)
  A shadow imp (D:8)
  An ooze (D:3)
  4 adder skeletons
  2 adder zombies
  3 worms
  4 leopard geckos
  10 orcs
  A ball python (D:2)
  6 giant cockroaches
  8 hobgoblins
  9 jackals
  A quokka (D:8)
  6 bats
  5 frilled lizards
  4 goblins
  14 kobolds
  3 rats
157 creatures vanquished.

Vanquished Creatures (collateral kills)
  3 ogres
  A crimson imp (D:7)
  A hound (D:4)
  A bullfrog zombie (D:7)
  A gnoll shaman (D:4)
  A worker ant (D:2)
  Natasha (twice) (D:4)
  A gnoll (D:4)
  2 adders (D:3)
  4 orcs
  A giant cockroach (D:3)
  A goblin (D:3)
  A jackal (D:8)
  A rat (D:2)
21 creatures vanquished.

Grand Total: 178 creatures vanquished

Notes
Turn   | Place    | Note
-------+----------+-------------------------------------------
     0 | D:1      | Katsumi the Felid Transmuter began the quest for the Orb.
     0 | D:1      | Reached XP level 1. HP: 9/9 MP: 4/4
   680 | D:1      | Reached skill level 3 in Transmutations
   680 | D:1      | Reached XP level 2. HP: 12/12 MP: 4/6
   684 | D:1      | Learned a level 2 spell: Sticks to Snakes
  1041 | D:2      | Reached XP level 3. HP: 15/15 MP: 4/7
  1043 | D:2      | Reached skill level 4 in Transmutations
  1517 | D:2      | Reached XP level 4. HP: 19/19 MP: 6/8
  1613 | D:2      | Noticed a phantom
  2054 | D:3      | Reached skill level 5 in Transmutations
  2512 | D:3      | Reached XP level 5. HP: 9/22 MP: 6/9
  2921 | D:3      | Found a blossoming altar of Fedhas.
  3047 | D:4      | Reached skill level 6 in Transmutations
  3057 | D:3      | Learned a level 5 spell: Blade Hands
  3852 | D:2      | Killed a phantom
  3984 | D:4      | Reached skill level 7 in Transmutations
  3984 | D:4      | Gained mutation: You are covered in thick fur. (AC +2)
                  | [Felid growth]
  3984 | D:4      | Reached XP level 6. HP: 21/25 MP: 5/10
  4910 | D:4      | Noticed Natasha
  4922 | D:4      | Killed Natasha
  4929 | D:4      | Noticed Blork the orc
  4940 | D:4      | Killed Blork the orc
  4940 | D:4      | Reached skill level 8 in Transmutations
  5141 | D:4      | Noticed Natasha
  5498 | D:4      | Killed Natasha
  5545 | D:4      | Noticed Natasha
  5551 | D:4      | Killed Natasha
  5798 | D:4      | Reached XP level 7. HP: 28/28 MP: 2/11
  6467 | D:5      | Entered Level 5 of the Dungeon
  6630 | D:4      | Reached skill level 9 in Transmutations
  7501 | D:5      | Found a staircase to the Ecumenical Temple.
  7576 | Temple   | Entered the Ecumenical Temple
  7721 | Temple   | Became a worshipper of Ru the Awakened
  8112 | D:6      | Reached XP level 8. HP: 32/32 MP: 9/13
  8129 | D:6      | Reached skill level 10 in Transmutations
  9614 | D:6      | Noticed Edmund
  9626 | D:6      | Killed Edmund
  9786 | D:6      | Found a glowing silver altar of Zin.
  9934 | D:6      | Reached skill level 5 in Fighting
 10576 | D:7      | Noticed a hippogriff
 10590 | D:7      | Killed a hippogriff
 10779 | D:7      | Reached XP level 9. HP: 14/43 MP: 6/14
 10884 | D:7      | Found an opulent altar of Gozag.
 11467 | D:7      | Gained mutation: You are sensitive to extremes of
                  | temperature. (rF-, rC-) [Ru sacrifice]
 11467 | D:7      | Reached * piety under Ru
 11467 | D:7      | Reached ** piety under Ru
 13084 | D:8      | Learned a level 4 spell: Summon Lightning Spire
 13134 | D:8      | Found a staircase to the Lair.
 13500 | D:8      | Noticed Gastronok
 13535 | D:8      | Reached skill level 1 in Summonings
 13535 | D:8      | Reached skill level 1 in Air Magic
 13808 | D:8      | Reached XP level 10. HP: 37/48 MP: 12/16
 13896 | D:8      | Demolished by Gastronok
 13897 | D:8      | Reached XP level 9. HP: -20/45 MP: 7/15
 13914 | D:8      | Killed Gastronok
 14208 | D:8      | HP: 1/46 [iguana (9)]
 14212 | D:8      | Mangled by an iguana
 14213 | D:8      | Reached XP level 8. HP: -10/42 MP: 13/15
 14256 | D:8      | Slain by an iguana

Levels and vault maps discovered:
D:1:      dpeg_arrival_chambers_temple_mockup, layout_loops_ring
D:2:      layout_loops_ring
D:3:      layout_basic, fedhas_altar_fruit_tree
D:4:      layout_gridville, roderic_three_in_a_row, uniq_blork_the_orc,
          uniq_natasha
D:5:      layout_cave_pools, minmay_temple_entry_purple_smoke, first_ration
D:6:      layout_loops_ring, zin_statuary, uniq_edmund
D:7:      layout_cave_pods, nicolae_ossuary_entry_monument, basic_altar,
          the_bakery, minivault_1
D:8:      layout_basic, lair_entry_dummy, kennysheep_generic_room_7,
          uniq_gastronok
Temple:   regret_index_temple_sphere_string

Skill      XL: |  1  2  3  4  5  6  7  8  9 |
---------------+----------------------------+-----
Transmutations | 3 4 5 7 8 9 10 | 10.2
Spellcasting   | 3 4 |  4.4
Fighting       | 7 9 |  9.6
Summonings     | 4 |  4.9
Air Magic      | 4 |  4.5
Dodging        | |  2.6
Unarmed Combat | |  3.0

Action                   |  1- 3 |  4- 6 |  7- 9 | 10-12 || total
-------------------------+-------+-------+-------+-------++-------
Melee: Unarmed           |    80 |   153 |   297 |    18 ||   548
       Headbutt          |     7 |    10 |     3 |       ||    20
       Bite              |     8 |    14 |    27 |     4 ||    53
       Punch             |       |     3 |     5 |     1 ||     9
 Cast: Beastly Appendage |    25 |    19 |     5 |     1 ||    50
       Sticks to Snakes  |     4 |    11 |    15 |       ||    30
       Blade Hands       |       |     9 |    41 |     2 ||    52
Invok: Sacrifice Resista |       |       |     1 |       ||     1
  Use: Potion            |     1 |       |     2 |     1 ||     4
       Scroll            |       |     5 |    11 |       ||    16
 Stab: Sleeping          |     3 |     1 |     1 |       ||     5
       Distracted        |       |     1 |       |       ||     1
  Eat: Chunk             |     9 |     9 |    37 |     3 ||    58
       Ration            |       |       |     1 |       ||     1
Armor: Skin              |     4 |     8 |    16 |     1 ||    29
Dodge: Dodged            |    78 |   174 |   276 |     5 ||   533
